 Dungeon Crawl Stone Soup version 0.31-a0-117-g42d8f58691 (webtiles) character file.

Game seed: 2018999697285925877

1791250 juan097 the Slayer (level 26, 225/225 HPs)
             Began as a Demigod Gladiator on May 28, 2023.
             Escaped with the Orb
             ... and 3 runes on May 30, 2023!
             The game lasted 03:55:49 (65684 turns).

juan097 the Slayer (Demigod Gladiator)             Turns: 65684, Time: 03:55:50

Health: 225/225    AC: 38    Str: 15    XL:     26   Next: 96%
Magic:  36/36      EV: 42    Int: 13    God:
Gold:   2791       SH: 31    Dex: 51    Spells: 24/35 levels left

rFire   + . .        a - +11 Singing Sword {sonic wave}
rCold   + + .        d - +0 kite shield {rC+ rF+}
rNeg    + . .        W - +5 pearl dragon scales
rPois   +            L - +3 hat of Pondering {ponderous, Will+ MP+10 Int+5}
rElec   +            N - +2 cloak of the Hidden Olives {rElec rPois Will-}
rCorr   .            U - +2 pair of gloves of the Painted Wumpus {+Blink}
SInv    +            r - +2 pair of boots {Fly}
Will    +++..        z - amulet of reflection
Stlth   ++           m - ring "Sec Voud" {Will+ Slay+3, =R}
HPRegen 0.57/turn    t - ring of Ohoeq {rPois MP-9 Int-2 Dex+6 SInv}
MPRegen 0.25/turn

%: reflection
@: flying, slow
A: high MP 1, forlorn, divine attributes, horns 1, iridescent scales 1, large
bone plates 1, clumsy 1, cold resistance 1, frail 1, electricity resistance,
inhibited regeneration, subdued magic 1
0: Orb of Zot
}: 3/15 runes: decaying, silver, gossamer
a: Evoke Blink


You escaped.
You visited 10 branches of the dungeon, and saw 48 of its levels.
You visited the Abyss 1 time.
You visited 1 bazaar.
You also visited: Trove, Sewer, Ossuary, Ice Cave and Desolation.

You collected 8852 gold pieces.
You spent 6061 gold pieces at shops.

Inventory:

Hand Weapons
 a - the +11 Singing Sword (weapon) {sonic wave}
   (You found it in the Desolation of Salt)
 b - a +9 heavy hand crossbow
 s - a +4 demon blade of flaming
 w - the +5 demon whip "Spellbinder" {antimagic, disrupt, Will+}
   (You took it off a vault warden on level 5 of the Vaults)

   Will:      It increases your willpower.
Missiles
 e - 3 curare-tipped darts
 x - 12 javelins
 C - 4 throwing nets
 M - 2 boomerangs of dispersal
 O - 9 boomerangs
 X - 2 silver boomerangs (quivered)
Armour
 d - a +0 kite shield of resistance (worn)
 r - a +2 pair of boots of flying (worn)
 L - the +3 hat of Pondering (worn) {ponderous, Will+ MP+10 Int+5}
   (You found it in a treasure trove)

   Int:       It affects your intelligence (+5).
   MP:        It affects your magic capacity (+10).
   Will:      It increases your willpower.
 N - the +2 cloak of the Hidden Olives (worn) {rElec rPois Will-}
   (You found it in a treasure trove)

   rElec:     It insulates you from electricity.
   rPois:     It protects you from poison.
   Will:      It decreases your willpower.
 U - the +2 pair of gloves of the Painted Wumpus (worn) {+Blink}
   (You bought it in a shop on level 1 of the Orcish Mines)

   +Blink:    It lets you blink.
 W - +5 pearl dragon scales (worn)
Jewellery
 m - the ring "Sec Voud" (left hand) {Will+ Slay+3, =R}
   (You bought it in a shop on level 3 of the Depths)

   [ring of willpower]

   Slay:      It affects your accuracy & damage with ranged weapons and melee
   (+3).
   Will:      It increases your willpower.
 q - the ring "Zalet" {Ice Will+ rCorr Int+3}
   (You found it on level 2 of the Vaults)

   [ring of ice]

   It enhances your ice magic.
   Int:       It affects your intelligence (+3).
   rF:        It makes you vulnerable to fire.
   rC:        It protects you from cold.
   rCorr:     It protects you from acid and corrosion.
   Will:      It increases your willpower.
 t - the ring of Ohoeq (right hand) {rPois MP-9 Int-2 Dex+6 SInv}
   (You found it in a treasure trove)

   [ring of poison resistance]

   Int:       It affects your intelligence (-2).
   Dex:       It affects your dexterity (+6).
   rPois:     It protects you from poison.
   MP:        It affects your magic capacity (-9).
   SInv:      It lets you see invisible.
 z - an amulet of reflection (around neck)
Wands
 j - a wand of roots (42)
 I - a wand of acid (30)
 K - a wand of digging (38)
Scrolls
 i - 3 scrolls of summoning
 p - 13 scrolls of poison
 u - 8 scrolls of blinking
 v - 17 scrolls of teleportation
 y - 3 scrolls of silence
 T - 2 scrolls of fog
 Z - a scroll of magic mapping
Potions
 g - a potion of resistance
 h - 6 potions of enlightenment
 k - 4 potions of attraction
 l - 11 potions of lignification
 n - 21 potions of curing
 A - 3 potions of might
 E - 7 potions of ambrosia
 G - 7 potions of heal wounds
 P - 6 potions of berserk rage
 R - 3 potions of invisibility
 Y - 2 potions of haste
Miscellaneous
 o - a lightning rod (4/4)
 B - a condenser vane
 H - a phantom mirror
 S - a phial of floods
 V - a box of beasts


   Skills:
 + Level 23.1 Fighting
 - Level 11.8(14.7) Short Blades
 - Level 14.3(16.0) Long Blades
 - Level 14.0 Ranged Weapons
 - Level 8.0 Throwing
 - Level 16.0 Armour
 + Level 22.2 Dodging
 - Level 6.0 Stealth
 - Level 18.0 Shields
 - Level 5.0 Spellcasting
 - Level 8.0 Hexes
 - Level 8.0 Translocations
 - Level 8.0 Transmutations
 - Level 15.0 Evocations


You had 24 spell levels left.
You knew the following spells:

 Your Spells              Type           Power      Damage    Failure   Level
a - Blink                 Tloc           36%        N/A       3%          2
b - Wereblood             Tmut           18%        N/A       3%          2
c - Passage of Golubria   Tloc           18%        N/A       28%         4
d - Portal Projectile     Hex/Tloc       36%        N/A       8%          3

Your spell library contained the following spells:

 Spells                   Type           Power      Damage    Failure   Level
 Beastly Appendage        Tmut           36%        N/A       2%          1
 Slow                     Hex            72%        N/A       2%          1
 Lesser Beckoning         Tloc           36%        N/A       3%          2
 Tukima's Dance           Hex            18%        N/A       8%          3
 Sting                    Tmut/Pois      40%        1d5       14%         1
 Ensorcelled Hibernation  Hex/Ice        20%        N/A       22%         2
 Momentum Strike          Conj/Tloc      20%        3d8       22%         2
 Passwall                 Tmut/Erth      8%         N/A       22%         2
 Manifold Assault         Tloc           18%        N/A       28%         4
 Dazzling Flash           Conj/Hex       20%        N/A       41%         3
 Inner Flame              Hex/Fire       10%        N/A       41%         3
 Spider Form              Tmut/Pois      10%        N/A       41%         3
 Vhi's Electric Charge    Tloc/Air       20%        N/A       41%         3
 Volatile Blastmotes      Fire/Tloc      20%        2d11      41%         3
 Freeze                   Ice            8%         1d3       61%         1
 Kiss of Death            Conj/Necr      8%         2d6       61%         1
 Sandblast                Erth           4%         2d4       61%         1
 Ignite Poison            Fire/Tmut/Pois 7%         N/A       61%         3
 Blade Hands              Tmut           9%         N/A       61%         5
 Yara's Violent Unravell  Hex/Tmut       9%         3d6       61%         5
 Call Imp                 Summ           4%         N/A       75%         2
 Cigotuvi's Dreadful Rot  Necr/Pois/Air  4%         N/A       75%         2
 Poisonous Vapours        Pois/Air       4%         N/A       75%         2
 Scorch                   Fire           4%         2d5       75%         2
 Searing Ray              Conj           4%         2d4       75%         2
 Static Discharge         Conj/Air       4%         2-3/arc   75%         2
 Sublimation of Blood     Necr           2%         N/A       75%         2
 Fulminant Prism          Conj/Hex       5%         3d6       83%         4
 Ice Form                 Ice/Tmut       10%        N/A       83%         4
 Iskenderun's Mystic Bla  Conj/Tloc      10%        2d4       83%         4
 Leda's Liquefaction      Hex/Erth       5%         N/A       83%         4
 Petrify                  Tmut/Erth      10%        N/A       83%         4
 Call Canine Familiar     Summ           2%         N/A       93%         3
 Frozen Ramparts          Ice            4%         1d1       93%         3
 Hailstorm                Conj/Ice       2%         3d3       93%         3
 Mephitic Cloud           Conj/Pois/Air  2%         N/A       93%         3
 Ozocubu's Armour         Ice            2%         N/A       93%         3
 Stone Arrow              Conj/Erth      4%         3d7       93%         3
 Swiftness                Air            2%         N/A       93%         3
 Alistair's Intoxication  Tmut/Pois      6%         N/A       99%         5
 Irradiate                Conj/Tmut      5%         3d13      99%         5
 Metabolic Englaciation   Hex/Ice        5%         N/A       99%         5
 Silence                  Hex/Air        5%         N/A       99%         5
 Summon Mana Viper        Hex/Summ       10%        N/A       99%         5
 Airstrike                Air            1%         2d(1-17)  100%        4
 Animate Dead             Necr           2%         N/A       100%        4
 Flame Wave               Conj/Fire      2%         2d4       100%        4
 Sticky Flame             Conj/Fire      2%         2d3       100%        4
 Summon Ice Beast         Ice/Summ       2%         N/A       100%        4
 Summon Lightning Spire   Summ/Air       2%         N/A       100%        4
 Arcjolt                  Conj/Air       1%         1d11      100%        5
 Borgnjor's Vile Clutch   Necr/Erth      1%         N/A       100%        5
 Freezing Cloud           Conj/Ice/Air   1%         6-21      100%        5
 Iskenderun's Battlesphe  Conj           2%         2d6       100%        5
 Lee's Rapid Deconstruct  Erth           1%         3d4*      100%        5
 Conjure Ball Lightning   Conj/Air       1%         3x3d6     100%        6
 Eringya's Noxious Bog    Tmut/Pois      5%         N/A       100%        6
 Leda's Unmaking          Conj/Erth      1%         9d1       100%        6
 Starburst                Conj/Fire      1%         6d3       100%        6
 Statue Form              Tmut/Erth      6%         N/A       100%        6
 Summon Cactus Giant      Summ           1%         N/A       100%        6
 Dragon Form              Tmut           9%         N/A       100%        7
 Haunt                    Necr/Summ      1%         N/A       100%        7
 Malign Gateway           Summ/Tloc      5%         N/A       100%        7
 Monstrous Menagerie      Summ           1%         N/A       100%        7
 Ozocubu's Refrigeration  Ice            1%         4d7       100%        7
 Spellforged Servitor     Conj/Summ      1%         N/A       100%        7
 Storm Form               Tmut/Air       5%         N/A       100%        7
 Summon Hydra             Summ           1%         N/A       100%        7
 Borgnjor's Revivificati  Necr           1%         N/A       100%        8
 Discord                  Hex            9%         N/A       100%        8
 Disjunction              Tloc           9%         N/A       100%        8
 Infestation              Necr           1%         N/A       100%        8
 Lehudib's Crystal Spear  Conj/Erth      1%         10d2      100%        8
 Maxwell's Capacitive Co  Air            1%         ∞         100%        8
 Necromutation            Tmut/Necr      5%         N/A       100%        8
 Summon Horrible Things   Summ           1%         N/A       100%        8
 Death's Door             Necr           1%         N/A       100%        9


Dungeon Overview and Level Annotations

Branches:
Dungeon (15/15)            Temple (0/1) D:4            Lair (5/5) D:10
  Swamp (4/4) Lair:2       Spider (4/4) Lair:2        Slime (0/5) Lair:5
    Orc (2/2) D:10            Elf (3/3) Orc:2        Vaults (5/5) D:13
  Crypt (0/3) Vaults:2     Depths (4/4) D:15           Hell (visited)
    Zot (5/5) Depths:4      Sewer (visited)         Ossuary (visited)
  IceCv (visited)         Desolation (visited)
    Dis: Hell:1         Geh: Hell:1         Coc: Hell:1         Tar: Hell:1

Shops:
D:8 (   D:15 :   Orc:1 [   Orc:2 :([*:   Elf:1 *   Vaults:2 [   Depths:1 *
Depths:2 (=*   Depths:3 ?:=(

Portals:
Hell: Depths:1 Depths:2 Depths:3 Depths:4
Abyss: Lair:5 Depths:1 Depths:3
Pandemonium: Depths:2
Ziggurat: Depths:1

Annotations:
D:7 3 runed translucent doors, Monarks's ghost, novice TrMo
Lair:4 1 exclusion


Innate Abilities, Weirdness & Mutations

You have an increased reservoir of magic. (+10% MP)
You shall have no god before yourself.
Your divine heritage dramatically boosts your attributes as you level up.
You have a pair of small horns on your head.
You are partially covered in iridescent scales. (AC +2)
You are partially covered in large bone plates. (SH +4)
You are clumsy. (Dex -2)
Your flesh is cold resistant. (rC+)
You are frail. (-10% HP)
You are resistant to electric shocks. (rElec)
You do not regenerate when monsters are visible.
Your spells are a little easier to cast, but a little less powerful.


Message History

You hit the Ice Fiend.
The Ice Fiend is almost dead.
You hit the Ice Fiend. You headbutt the Ice Fiend.
The Ice Fiend is almost dead.
The Ice Fiend misses you. You block the Ice Fiend's attack.
You hit the Ice Fiend.
You kill the Ice Fiend!
(D) Dungeon (T) Temple (L) Lair (S) Swamp (N) Spider Nest (M) Slime Pits (O) Orcish Mines (E) Elven Halls (V) Vaults (C) Crypt (U) Depths (H) Hell (Z) Zot
Where to? (Enter - D:1, ? - help)
There is a stone staircase leading up here.
You fly upwards.
There is a stone staircase leading down here.
You fly downwards.
A rust devil comes into view.
There is a stone staircase leading up here.
(D) Dungeon (T) Temple (L) Lair (S) Swamp (N) Spider Nest (M) Slime Pits (O) Orcish Mines (E) Elven Halls (V) Vaults (C) Crypt (U) Depths (H) Hell (Z) Zot
Where to? (Enter - D:1, ? - help)
Okay, then.
You slash the rust devil!
You headbutt the rust devil, but do no damage.
The rust devil is moderately wounded.
You block the rust devil's attack.
You slice the rust devil!!
You kill the rust devil!
No target in view!
No target in view!
There is a stone staircase leading up here.
You fly upwards.
There is a stone staircase leading down here.
Things that are here:
4 stones; a +0 short sword
There is a large open door here.
There is a staircase leading out of the dungeon here.
You have escaped!

##.#### #...).....##.#..........
.)÷# #......##....#......)...
.#########^.....#................
.....................###....)....
##########.....###########.......
...............#8≈≈§≈≈≈≈8#.....##
.############..#.........#(#...##
.#############.#.........#.#...##
...............#@...8....'.#...##
.############..#....8....'.#..##
...............#.........#.#..#
.###.......##..#.........#.#..##
.##....#....#..#8≈≈≈≈≈≈≈8#.....##
.#....#.#......###########...#..#
.....#.#.#.........##.#..........
....#.#.#.#......####............
...#.#.#.#.#.....................


There were no monsters in sight!

Vanquished Creatures
  3 dread liches
  3 ancient liches
  6 orbs of fire
  3 juggernauts
  Vv (Zot:1)
  Margery (Vaults:4)
  Bai Suzhen (Vaults:4)
  Frederick (Vaults:2)
  7 Killer Klowns
  6 caustic shrikes
  2 curse toes
  18 golden dragons
  Geryon (Hell)
  Nikola (Elf:3)
  A bone dragon (Abyss:3)
  2 electric golems (Zot:5)
  A hellephant (Depths:3)
  A walking crystal tome (Depths:3)
  2 deep elf blademasters (Elf:3)
  21 Orb Guardians
  Jorgrun (Orc:2)
  2 deep elf master archers (Elf:3)
  5 liches
  A walking earthen tome (Depths:4)
  19 tentacled monstrosities
  Asterion (Depths:2)
  3 Ice Fiends
  6 quicksilver dragons
  A walking frostbound tome (Depths:3)
  4 titans
  A quicksilver dragon (shapeshifter) (Vaults:5)
  Frances (Swamp:2)
  A tentacled starspawn (Abyss:3)
  7 sphinxes
  An Executioner (Abyss:3)
  12 death cobs
  The ghost of Qyphoemu the Black Belt, an adept GnTm of Gozag (Spider:4)
  8 shadow dragons
  A thorn hunter (Swamp:4)
  Donald (Elf:3)
  3 draconian monks
  5 tengu reavers
  16 storm dragons
  14 fire giants
  A fenstrider witch (Swamp:2)
  Roxanne (Swamp:4)
  23 vault wardens
  8 deep elf sorcerers
  6 draconian knights
  An emperor scorpion (shapeshifter) (Vaults:5)
  4 draconian scorchers
  13 frost giants
  2 balrugs
  6 emperor scorpions
  4 draconian stormcallers
  3 imperial myrmidons (Desolation)
  8 draconian shifters
  A juggernaut zombie (Depths:3)
  Aizul (Swamp:2)
  7 ghost moths
  5 iron dragons
  2 deep elf elementalists (Elf:3)
  3 orc warlords
  A caustic shrike zombie (Depths:3)
  A broodmother (Spider:4)
  2 cacodemons
  3 angels (Zot:1)
  7 draconian annihilators
  6 reapers (Depths:3)
  25 stone giants
  A spriggan defender (Depths:4)
  22 ironbound preservers
  A caustic shrike skeleton (Depths:3)
  9 war gargoyles
  6 ironbound thunderhulks
  23 very ugly things
  3 formless jellyfish
  6 vampire knights
  10 deep elf annihilators
  11 green draconians
  5 deep elf demonologists (Elf:3)
  8 eleionomae
  3 bunyips
  Nessos (Orc:2)
  21 black draconians
  12 red draconians
  9 dire elephants
  A lorocyproca (Depths:3)
  15 purple draconians
  Azrael (Elf:1)
  14 spark wasps
  14 yellow draconians
  14 white draconians
  10 ettins
  7 deep elf death magi (Elf:3)
  An ettin (shapeshifter) (Zot:1)
  A green death (Abyss:3)
  Snorg (D:14)
  A blizzard demon (Depths:3)
  4 crystal guardians
  7 entropy weavers
  Josephine (D:13)
  4 deep elf high priests
  4 jiangshi
  7 great orbs of eyes
  6 fire dragons
  8 ragged hierophants (Desolation)
  13 servants of whispers (Desolation)
  A spriggan zombie (Hell)
  21 yaktaur captains
  19 hydras
  A salamander tyrant (Depths:3)
  Erolcha (Orc:2)
  38 vault guards
  7 ironbound frosthearts
  7 spriggan air magi
  3 ogre magi
  3 radroaches
  5 boulder beetles
  A ghost crab (Swamp:3)
  2 jorogumos
  22 peacekeepers
  2 catoblepae
  3 rakshasas
  10 centaur warriors
  9 ice dragons
  3 death knights
  32 dancing weapons
  6 two-headed ogres
  A death scarab (Spider:4)
  7 deep troll shamans
  A satyr (shapeshifter) (Vaults:5)
  11 alligators
  8 tengu warriors
  16 death yaks
  7 deep troll earth magi
  4 vampire magi
  2 hell hogs
  3 orc high priests (Orc:2)
  6 thrashing horrors
  Urug (D:10)
  10 spriggan berserkers
  11 deep elf knights
  A spectral emperor scorpion (Spider:4)
  3 soul eaters
  A shadow wraith (Vaults:2)
  3 skysharks
  2 wretched stars (Abyss:3)
  7 sun demons
  3 pharaoh ants
  A spectral ghost moth (Spider:4)
  A salamander mystic (Depths:3)
  2 sixfirhies
  6 skeletal warriors
  19 hell knights
  6 iron trolls
  6 spriggan druids
  A glowing orange brain (Depths:3)
  57 deep trolls
  3 goliath frogs
  A fire crab (D:14)
  2 sun moths
  25 ironbound convokers
  10 orb spiders
  A flayed ghost (Depths:2)
  7 wizards
  10 swamp dragons
  6 lindwurms
  A harpy (Vaults:1)
  5 bog bodies
  A harpy (shapeshifter) (Elf:3)
  30 deep elf pyromancers
  4 steelbarb worms
  9 deep elf archers
  6 phantasmal warriors
  4 wolf spider zombies (Spider:1)
  43 ugly things
  A sphinx zombie (Vaults:2)
  14 necromancers
  A stone giant zombie (Vaults:2)
  22 deep elf zephyrmancers
  Pikel (D:3)
  An oklob plant (D:12)
  9 cyclopes
  A frost giant zombie (Depths:3)
  6 orc sorcerers
  7 orc knights
  25 wolf spiders
  A wolf spider (shapeshifter) (Vaults:3)
  8 salamanders
  2 tengu skeletons
  5 manticores
  2 will-o-the-wisps
  A cyclops (shapeshifter) (Vaults:5)
  24 moths of wrath
  24 elephants
  4 black mambas
  7 demonic crawlers
  A naga mage (Abyss:3)
  3 rust devils
  17 vault sentinels
  5 guardian serpents
  A molten gargoyle (Depths:1)
  A cane toad (shapeshifter) (Vaults:5)
  An apocalypse crab (Abyss:3)
  A dire elephant skeleton (Hell)
  An elf skeleton (Vaults:1)
  3 orange demons
  3 ice statues (IceCv)
  9 smoke demons
  An emperor scorpion simulacrum (Spider:4)
  2 hellions
  17 cane toads
  A centaur skeleton (Abyss:3)
  6 torpor snails
  7 komodo dragons
  9 redback zombies (Spider:1)
  An unseen horror (D:11)
  36 yaktaurs
  2 rime drakes
  2 ghost moth simulacra (Spider:4)
  8 tengu conjurers
  2 efreet
  9 freezing wraiths
  An anaconda simulacrum (IceCv)
  A yaktaur skeleton (Vaults:2)
  4 ancient zymes
  2 ice devils
  A tormentor (Depths:3)
  3 trolls
  3 meliai
  9 tyrant leeches
  A wolf spider simulacrum (Spider:4)
  21 hornets
  3 polar bears
  22 blink frogs
  5 large abominations
  25 tarantellas
  92 saltlings (Desolation)
  16 jumping spiders
  6 tarantella zombies (Spider:1)
  16 slime creatures
  9 culicivora zombies (Spider:1)
  An air elemental (Elf:3)
  Sigmund (D:4)
  14 spriggans
  A centaur simulacrum (Hell)
  7 ynoxinuls
  A jumping spider (shapeshifter) (Vaults:3)
  18 culicivoras
  2 spriggans (shapeshifter)
  7 wraiths
  46 yaks
  3 water elementals
  Eustachio (D:5)
  5 fire elementals
  9 basilisks
  7 wyverns
  3 chaos spawn
  2 death yak simulacra (IceCv)
  2 neqoxecs
  53 redbacks
  10 vampire mosquitoes
  Menkaure (D:6)
  A spectral entropy weaver (Spider:4)
  2 harpy simulacra
  15 swamp worms
  2 acid dragons
  A glowing shapeshifter zombie (Vaults:1)
  15 water moccasins
  A hell hound (Elf:1)
  3 floating eyes
  10 swamp drakes
  8 ice beasts
  A sky beast (D:8)
  An ogre (shapeshifter) (Lair:5)
  31 orc warriors
  An ettin simulacrum (Hell)
  A black bear (shapeshifter) (Lair:5)
  A black bear (Lair:2)
  14 small abominations
  2 ogres (Orc:1)
  9 boggarts
  17 centaurs
  A phantom (D:5)
  49 wolves
  2 human skeletons
  4 lemures (D:3)
  2 kobold brigands
  15 bullfrogs
  An earth elemental (Elf:1)
  3 cane toad simulacra (IceCv)
  An entropy weaver simulacrum (Spider:4)
  3 scorpions
  10 wights
  5 killer bees (D:9)
  An oklob sapling (D:12)
  An elephant simulacrum (IceCv)
  2 electric eels
  15 howler monkeys
  2 human zombies (Ossuary)
  5 jellies
  26 orc priests
  Crazy Yiuf (D:6)
  A hound (D:4)
  2 sleepcaps
  4 iguanas
  Natasha (thrice) (D:4)
  27 orc wizards
  5 hell rats (Lair:3)
  3 mummies
  16 adders
  22 river rats
  2 shadow imps
  A white imp (D:7)
  2 ufetubi
  5 worms
  5 dart slugs
  83 orcs
  5 endoplasms
  7 giant cockroaches
  3 gnoll zombies (Ossuary)
  7 goblins
  5 hobgoblins
  6 jackals
  12 quokkas
  25 ball pythons
  11 bats
  4 frilled lizards
  5 goblin zombies (Ossuary)
  3 hobgoblin zombies
  13 kobolds
  3 orc zombies
  14 rats
  2 butterflies (Zot:1)
  2 creeping infernos (Hell)
  2 fire vortices (Hell)
  A spectral weapon (Vaults:5)
  2 starspawn tentacles (Abyss:3)
2544 creatures vanquished.

Vanquished Creatures (collateral kills)
  Xtahua (Vaults:2)
  A vault warden (Vaults:5)
  A hydra (D:15)
  2 vault guards (Vaults:5)
  A manticore (D:15)
  A black mamba (Lair:2)
  A cane toad (Lair:2)
  2 yaks (Lair:2)
  A wolf (Lair:2)
11 creatures vanquished.

Vanquished Creatures (others)
  An orb of fire (Zot:5)
  2 Orb Guardians (Zot:5)
  A fire giant (Depths:3)
  A ghost moth (Zot:1)
  An angel (Zot:1)
  A deep elf knight (Elf:3)
  A swamp dragon (Swamp:4)
  4 deep elf zephyrmancers
  A bloated husk (Swamp:4)
  A centaur (D:12)
  An orc priest (Orc:2)
  An orc wizard (Orc:2)
  16 foxfires
  2 starspawn tentacles (Abyss:3)
34 creatures vanquished.

Grand Total: 2589 creatures vanquished

Notes
Turn   | Place    | Note
-------+----------+-------------------------------------------
     0 | D:1      | juan097 the Demigod Gladiator began the quest for the Orb.
     0 | D:1      | Reached XP level 1. HP: 17/17 MP: 3/3
   181 | D:1      | Reached XP level 2. HP: 18/24 MP: 4/4
   182 | D:1      | Reached skill level 2 in Fighting
   598 | D:2      | Reached skill level 1 in Stealth
   598 | D:2      | Reached XP level 3. HP: 29/29 MP: 5/5
   625 | D:2      | Reached skill level 1 in Armour
   684 | D:2      | Reached skill level 1 in Short Blades
   967 | D:2      | Reached XP level 4. HP: 28/37 MP: 6/6
  1115 | D:3      | Noticed a water moccasin
  1135 | D:3      | Killed a water moccasin
  1136 | D:3      | Reached XP level 5. HP: 5/44 MP: 7/7
  1480 | D:3      | Found a glowing drain.
  1484 | Sewer    | Entered a sewer
  1495 | Sewer    | Reached skill level 3 in Fighting
  1788 | Sewer    | Reached XP level 6. HP: 51/51 MP: 8/8
  2700 | D:4      | Noticed Pikel
  2837 | D:3      | Killed Pikel
  2838 | D:3      | Reached skill level 4 in Fighting
  2838 | D:3      | Reached XP level 7. HP: 59/59 MP: 9/9
  2871 | D:4      | Found a staircase to the Ecumenical Temple.
  2944 | D:4      | Noticed Natasha
  2948 | D:4      | Killed Natasha
  3084 | D:4      | Noticed Sigmund
  3089 | D:4      | Noticed Natasha
  3093 | D:4      | Killed Sigmund
  3094 | D:4      | Reached skill level 5 in Short Blades
  3102 | D:4      | Killed Natasha
  3212 | D:4      | Noticed Natasha
  3225 | D:4      | Killed Natasha
  3513 | D:5      | Entered Level 5 of the Dungeon
  3556 | D:5      | Reached XP level 8. HP: 65/66 MP: 10/10
  3871 | D:5      | Noticed Eustachio
  3890 | D:5      | Killed Eustachio
  4399 | D:6      | Noticed Menkaure
  4417 | D:6      | Killed Menkaure
  4418 | D:6      | Reached skill level 5 in Stealth
  4459 | D:6      | Reached XP level 9. HP: 68/73 MP: 11/11
  4473 | D:6      | Found a sand-covered staircase.
  4478 | Ossuary  | Entered an ossuary
  4591 | Ossuary  | Reached skill level 5 in Fighting
  4598 | Ossuary  | Reached skill level 5 in Dodging
  4799 | D:6      | Found a runed translucent door.
  4800 | D:6      | Noticed Crazy Yiuf
  4809 | D:6      | Killed Crazy Yiuf
  4814 | D:6      | Identified the +8 hammer of Red Wine {speed, *Rage rPois
                  | MP+9 Dex+3}
  5125 | D:6      | Reached skill level 1 in Evocations
  5492 | D:7      | Found a runed translucent gate.
  5492 | D:7      | Found a runed translucent gate.
  5492 | D:7      | Found a runed translucent gate.
  5798 | D:7      | Noticed Monarks's ghost (novice TrMo)
  5813 | D:7      | Identified the +2 chain mail of the Bells {Dex+3}
  5922 | D:7      | Identified the +9 war axe "Jirac" {holy, rPois}
  6450 | D:8      | Reached skill level 1 in Ranged Weapons
  6750 | D:8      | Found Neotuuq's Antique Weapon Shoppe.
  6922 | D:9      | Reached XP level 10. HP: 81/81 MP: 13/13
  7275 | D:9      | Reached skill level 6 in Fighting
  7980 | D:10     | Entered Level 10 of the Dungeon
  8314 | D:10     | Noticed a two-headed ogre
  8325 | D:10     | Killed a two-headed ogre
  8367 | D:10     | Reached skill level 7 in Fighting
  8382 | D:10     | Found a staircase to the Lair.
  8427 | D:10     | Reached XP level 11. HP: 92/92 MP: 14/14
  8608 | D:10     | Found a staircase to the Orcish Mines.
  8608 | D:10     | Noticed Urug
  8634 | D:10     | Killed Urug
  9025 | Lair:1   | Entered Level 1 of the Lair of Beasts
  9111 | Lair:1   | Noticed a death yak
  9160 | Lair:1   | Killed a death yak
  9161 | Lair:1   | Reached skill level 8 in Fighting
  9236 | Lair:1   | Noticed a death yak
  9246 | Lair:1   | Noticed a death yak
  9246 | Lair:1   | Noticed a death yak
  9250 | Lair:1   | Noticed a death yak
  9260 | Lair:1   | Killed a death yak
  9406 | Lair:1   | Killed a death yak
  9407 | Lair:1   | Reached skill level 10 in Short Blades
  9912 | Lair:1   | Learned a level 2 spell: Blink
 10090 | Lair:1   | Killed a death yak
 10091 | Lair:1   | Reached skill level 9 in Fighting
 10112 | Lair:1   | Killed a death yak
 10113 | Lair:1   | Reached skill level 1 in Translocations
 10428 | Lair:1   | Reached XP level 12. HP: 96/104 MP: 15/15
 10939 | Lair:2   | Reached skill level 10 in Fighting
 11449 | Lair:2   | Found a staircase to the Swamp.
 11553 | Lair:2   | Found a hole to the Spider Nest.
 11588 | Lair:2   | HP: 2/102 [pharaoh ant (33)]
 11841 | Lair:2   | Noticed a six-headed hydra
 11906 | Lair:2   | Reached skill level 11 in Fighting
 11991 | Lair:2   | Noticed an eight-headed hydra
 12649 | D:6      | Learned a level 2 spell: Wereblood
 13134 | Lair:3   | Reached skill level 1 in Transmutations
 13178 | Lair:3   | Reached XP level 13. HP: 115/115 MP: 16/16
 14077 | Lair:3   | Reached skill level 5 in Armour
 14089 | Lair:4   | Reached skill level 12 in Fighting
 14715 | Lair:5   | Entered Level 5 of the Lair of Beasts
 14869 | Lair:4   | Reached skill level 5 in Long Blades
 15005 | Lair:5   | Found a staircase to the Slime Pits.
 15173 | Lair:5   | Reached skill level 10 in Dodging
 15323 | Lair:5   | Reached XP level 14. HP: 100/126 MP: 17/17
 16564 | Lair:5   | Identified the ring of Dotruch {rN+ Will- EV+5 Int+2 Dex+6}
 16636 | Lair:5   | Found a one-way gate to the infinite horrors of the Abyss.
 17083 | Orc:1    | Entered Level 1 of the Orcish Mines
 17191 | Orc:1    | Found Saliusee's Antique Armour Shop.
 17285 | Orc:2    | Entered Level 2 of the Orcish Mines
 17301 | Orc:2    | Noticed Erolcha
 17312 | Orc:2    | Killed Erolcha
 17323 | Orc:2    | Found Gagatz Uhunu's Book Shop.
 17331 | Orc:2    | Found a staircase to the Elven Halls.
 17607 | Orc:2    | Noticed Nessos
 17639 | Orc:2    | Killed Nessos
 17854 | Orc:2    | Noticed an orc warlord
 17869 | Orc:2    | Killed an orc warlord
 17948 | Orc:2    | Reached skill level 10 in Long Blades
 18123 | Orc:2    | Noticed Jorgrun
 18135 | Orc:2    | Killed Jorgrun
 18788 | Orc:2    | Found Ytaso's Antique Armour Boutique.
 18789 | Orc:2    | Found Hecuzejo's Antique Weapon Boutique.
 18791 | Orc:2    | Found Otuung's General Store.
 18791 | Orc:2    | Found Kafyrur's Book Shop.
 18861 | Orc:2    | Bought a potion of berserk rage for 70 gold pieces
 19025 | Orc:1    | Bought a pair of brightly glowing gloves for 180 gold
                  | pieces
 19025 | Orc:1    | Identified the +2 pair of gloves of the Painted Wumpus
                  | {+Blink} (You bought it in a shop on level 1 of the Orcish
                  | Mines)
 19038 | Orc:1    | Bought a runed helmet for 142 gold pieces
 19056 | Orc:1    | Bought a glowing ring mail for 133 gold pieces
 19087 | Orc:1    | Learned a level 4 spell: Passage of Golubria
 19096 | Orc:1    | Bought a pair of boots for 85 gold pieces
 19108 | Orc:1    | Upgraded the game from 0.31-a0-112-gdf0485fa37 to
                  | 0.31-a0-115-g4708a659fe
 19173 | Orc:2    | Bought a wand of digging (3) for 176 gold pieces
 19173 | Orc:2    | Bought a wand of roots (5) for 168 gold pieces
 19413 | D:11     | Found a frozen archway.
 19447 | IceCv    | Entered an ice cave
 19694 | IceCv    | Identified the +5 spear "Imuko" {venom, Str+2}
 19835 | D:11     | Found a gate leading to a gauntlet.
 20775 | D:12     | Reached XP level 15. HP: 132/132 MP: 18/18
 21390 | D:12     | Got Ikkexa's Compendium of Nature
 21758 | D:13     | Noticed Josephine
 21766 | D:13     | Killed Josephine
 21968 | D:13     | Found a gate to the Vaults.
 22380 | D:13     | Got Sif Muna's Precepts of Ensorcelling
 22383 | D:13     | Got Sif Muna's Spellbook of the Graveyard
 22385 | D:13     | Got Sif Muna's Essays on Malisons
 22391 | D:13     | Learned a level 3 spell: Portal Projectile
 22715 | D:14     | Reached skill level 1 in Hexes
 22861 | D:14     | Reached skill level 1 in Spellcasting
 23249 | D:14     | Found the +8 Wrath of Trog {antimagic, *Rage Rampage}
 23293 | D:14     | Identified the staff of air "Faimuete" {rElec rN+ Int+3
                  | Dex+4}
 23297 | D:14     | Identified the ring "Qomotuhu" {Ice rPois Stlth+}
 23303 | D:14     | Identified the staff of conjuration "Ithrezxa" {Fly rElec
                  | rPois rF-}
 23525 | D:14     | Noticed Snorg
 23530 | D:14     | Killed Snorg
 23676 | D:15     | Entered Level 15 of the Dungeon
 23901 | D:15     | Found a staircase to the Depths.
 23907 | D:15     | Reached skill level 5 in Ranged Weapons
 23920 | D:15     | Reached skill level 5 in Translocations
 23920 | D:15     | Reached skill level 5 in Transmutations
 24420 | D:15     | Found Olefer's Book Shop.
 24574 | D:15     | Bought a manual of Armour for 1280 gold pieces
 25072 | Swamp:1  | Entered Level 1 of the Swamp
 25293 | Swamp:1  | Reached XP level 16. HP: 139/139 MP: 26/26
 25811 | Swamp:2  | Noticed Aizul
 25831 | Swamp:2  | Killed Aizul
 25832 | Swamp:2  | Reached skill level 5 in Hexes
 26080 | Swamp:2  | Paralysed by a fenstrider witch for 4 turns
 26606 | Swamp:2  | Noticed Frances
 26614 | Swamp:2  | Killed Frances
 26937 | Swamp:2  | Reached skill level 13 in Fighting
 27177 | Swamp:3  | Identified a scroll of acquirement
 27523 | Swamp:4  | Entered Level 4 of the Swamp
 28168 | Swamp:4  | Reached skill level 14 in Fighting
 28196 | Swamp:4  | Noticed Roxanne
 28653 | Swamp:4  | Got a decaying rune of Zot
 28897 | Swamp:4  | Killed Roxanne
 29009 | Spider:1 | Entered Level 1 of the Spider Nest
 29332 | Spider:1 | Reached XP level 17. HP: 151/154 MP: 27/27
 29452 | Spider:2 | Upgraded the game from 0.31-a0-115-g4708a659fe to
                  | 0.31-a0-117-g42d8f58691
 30045 | Spider:2 | Reached skill level 10 in Armour
 31317 | Spider:1 | Identified the +0 scale mail of Elyvilon's Castigation
                  | {Dex+7}
 32845 | Spider:3 | Reached skill level 15 in Fighting
 33106 | Spider:4 | Entered Level 4 of the Spider Nest
 33326 | Spider:4 | Found a transporter.
 33343 | Spider:4 | Noticed Qyphoemu's ghost (adept GnTm)
 33814 | Spider:4 | Found a transporter.
 35338 | Spider:4 | Got a gossamer rune of Zot
 35581 | Spider:4 | Reached XP level 18. HP: 88/163 MP: 28/28
 35792 | Spider:4 | Killed Qyphoemu's ghost
 35835 | Spider:4 | Identified the amulet of Mubol {RegenMP Harm rC+ Will+
                  | Int-4}
 36104 | Vaults:1 | Entered Level 1 of the Vaults
 36127 | Vaults:1 | Identified the +0 chain mail of Beyond {Str+3}
 36155 | Vaults:1 | Found a flickering gateway to a bazaar.
 36167 | Bazaar   | Entered a bazaar
 36183 | Bazaar   | Found Wutenopn's Distillery.
 36197 | Bazaar   | Found Yfarixifauz's Magic Scroll Shoppe.
 36219 | Bazaar   | Found Jyutar's Magic Scroll Shoppe.
 36240 | Bazaar   | Found Qitido's Distillery.
 36244 | Bazaar   | Bought a potion of resistance for 150 gold pieces
 36244 | Bazaar   | Bought a potion of might for 60 gold pieces
 36244 | Bazaar   | Bought a potion of heal wounds for 75 gold pieces
 36244 | Bazaar   | Bought a potion of heal wounds for 75 gold pieces
 36268 | Bazaar   | Bought a scroll of poison for 36 gold pieces
 36268 | Bazaar   | Bought a scroll of teleportation for 27 gold pieces
 36283 | Bazaar   | Bought a potion of heal wounds for 55 gold pieces
 36283 | Bazaar   | Bought a potion of berserk rage for 55 gold pieces
 36307 | Bazaar   | Bought a scroll of enchant weapon for 75 gold pieces
 36307 | Bazaar   | Bought a scroll of magic mapping for 75 gold pieces
 36307 | Bazaar   | Bought a scroll of teleportation for 30 gold pieces
 36452 | Vaults:1 | Found a crumbling gateway.
 36501 | Desolati | Entered the Desolation of Salt
 36562 | Desolati | Found the +11 Singing Sword {sonic wave}
 36805 | Desolati | Identified the ring "Litiet" {Wiz Str-2 Int+3 Dex+4}
 36827 | Desolati | Got the Catalogue of the Grue
 36871 | Desolati | Got the Quarto of the Welkin and the Dose
 36896 | Desolati | Got the Incunable of Nausea and Rallying
 36974 | Desolati | Reached skill level 16 in Fighting
 37168 | Desolati | Reached skill level 15 in Dodging
 37419 | Desolati | Identified the +0 helmet of the Stonemason {+Blink}
 37552 | Desolati | Got Emuequn's Parchment of Voltaic Algor
 37555 | Desolati | Identified the staff of poison "Vaihi" {Fragile rElec rPois
                  | rC+ rN++}
 37893 | Vaults:1 | Acquired a +2 kite shield of poison resistance
 38441 | Vaults:1 | Reached skill level 1 in Shields
 38995 | Vaults:1 | Reached XP level 19. HP: 138/172 MP: 29/29
 38996 | Vaults:1 | Reached skill level 5 in Shields
 39987 | Vaults:2 | Identified the +3 leather armour of Beyond {Int+7}
 39987 | Vaults:2 | Identified the +8 dagger of the Magi {freeze, rC++}
 40086 | Vaults:2 | Identified the ring "Zalet" {Ice Will+ rCorr Int+3}
 40088 | Vaults:2 | Identified the staff of earth "Curuis" {rC- Will+ Str+4
                  | SInv}
 40172 | Vaults:2 | Found a staircase to the Crypt.
 40432 | Vaults:2 | Noticed Xtahua
 40445 | Vaults:2 | Killed Xtahua
 40446 | Vaults:2 | Reached skill level 10 in Shields
 40488 | Vaults:2 | Found Tacaes's Armour Shop.
 40763 | Vaults:2 | Noticed Frederick
 40780 | Vaults:2 | Killed Frederick
 40897 | Vaults:2 | Found a portal to a secret trove of treasure.
 41450 | Vaults:3 | Identified the +2 morningstar of Zin's Pride {protect,
                  | *Noise rCorr Dex+3}
 41534 | Vaults:3 | Identified the +1 long sword "Qoot" {heavy, Fragile rElec
                  | rPois Dex+4}
 41589 | Vaults:3 | Noticed a dread lich
 41604 | Vaults:3 | Killed a dread lich
 41614 | Vaults:3 | Reached XP level 20. HP: 66/180 MP: 30/30
 41758 | Vaults:3 | Identified the +2 lajatang of Vooloil {heavy, rPois rC+ rN+
                  | Str+3}
 41769 | Vaults:3 | Got the Tome of the Radiant Excursion
 42903 | Vaults:4 | Noticed Bai Suzhen
 42916 | Vaults:4 | Noticed Margery
 42956 | Vaults:4 | Killed Bai Suzhen
 42986 | Vaults:4 | Killed Margery
 42987 | Vaults:4 | Reached skill level 5 in Throwing
 42987 | Vaults:4 | Reached skill level 5 in Evocations
 44100 | Elf:1    | Entered Level 1 of the Elven Halls
 44302 | Elf:1    | Found Huetetz's General Store.
 44331 | Elf:1    | Bought a +2 pair of boots of flying for 279 gold pieces
 44331 | Elf:1    | Bought a manual of Dodging for 1040 gold pieces
 44411 | Elf:1    | Noticed Azrael
 44423 | Elf:1    | Killed Azrael
 45068 | Elf:2    | Identified the +3 falchion of Xaipt {drain, rN+ MP+9 Dex+2}
 45170 | Elf:2    | Found a runed translucent gate.
 45171 | Elf:2    | Found a runed translucent gate.
 45171 | Elf:2    | Found a runed translucent gate.
 45447 | Elf:2    | Reached skill level 17 in Fighting
 45582 | Elf:2    | Reached XP level 21. HP: 172/191 MP: 31/31
 45817 | Elf:3    | Entered Level 3 of the Elven Halls
 45852 | Elf:3    | Noticed Donald
 45871 | Elf:3    | Killed Donald
 46090 | Elf:3    | Noticed Nikola
 46106 | Elf:3    | Killed Nikola
 46357 | Elf:3    | Paralysed by an air elemental for 1 turns
 46620 | Elf:3    | Identified the +8 rapier of Nycug {holy, Stlth+}
 46818 | Elf:3    | Identified the -1 buckler of Baldness {Will+}
 46818 | Elf:3    | Identified the amulet "Duabaism" {Acrobat Int+2 Dex+3}
 47267 | Elf:3    | Identified the +8 plate armour "Ufedi" {rPois Will+ rCorr}
 47859 | Depths:1 | Entered Level 1 of the Depths
 48077 | Depths:1 | Found Duetum's General Store.
 48096 | Depths:1 | Bought a scroll of enchant weapon for 120 gold pieces
 48156 | Depths:1 | Reached skill level 10 in Evocations
 48357 | Depths:1 | Reached skill level 18 in Fighting
 48373 | Depths:1 | Found a gateway to Hell.
 48584 | Depths:1 | Found a one-way gateway to a ziggurat.
 48925 | Depths:2 | Paralysed by a floating eye for 3 turns
 48960 | Depths:2 | Found a one-way gate leading to the halls of Pandemonium.
 48964 | Depths:2 | Paralysed by a floating eye for 3 turns
 49086 | Depths:2 | Found Apenuf's General Store.
 49145 | Depths:2 | Found Feomeutt's Jewellery Shop.
 49168 | Depths:2 | Reached XP level 22. HP: 169/202 MP: 32/32
 49767 | Depths:2 | Found Leom Inaj's Antique Weapon Shop.
 49771 | Depths:2 | Noticed Asterion
 49791 | Depths:2 | Killed Asterion
 50265 | Depths:3 | Found Nulihur's Book Shop.
 50267 | Depths:3 | Found Epahuajude's Jewellery Boutique.
 50270 | Depths:3 | Found Pachoepuo's Weapon Shop.
 50275 | Depths:3 | Bought the ring "Sec Voud" {Will+ Slay+3} for 847 gold
                  | pieces
 50652 | Depths:3 | Found Vicwukk's Magic Scroll Shoppe.
 50674 | Depths:3 | Bought a scroll of enchant armour for 157 gold pieces
 50674 | Depths:3 | Bought a scroll of summoning for 199 gold pieces
 50767 | Depths:3 | Identified the +5 plate armour of Brilliance {SInv}
 51068 | Depths:3 | Noticed a caustic shrike
 51078 | Depths:3 | Killed a caustic shrike
 51084 | Depths:3 | Noticed a juggernaut
 51101 | Depths:3 | Killed a juggernaut
 51102 | Depths:3 | Reached skill level 10 in Ranged Weapons
 51326 | Depths:4 | Entered Level 4 of the Depths
 51538 | Depths:4 | Reached skill level 15 in Evocations
 51564 | Depths:4 | Noticed a caustic shrike
 51566 | Depths:4 | Noticed a caustic shrike
 51566 | Depths:4 | Noticed a caustic shrike
 51567 | Depths:4 | Noticed a caustic shrike
 51571 | Depths:4 | Killed a caustic shrike
 51571 | Depths:4 | Noticed a caustic shrike
 51576 | Depths:4 | Killed a caustic shrike
 51583 | Depths:4 | Killed a caustic shrike
 51588 | Depths:4 | Killed a caustic shrike
 51928 | Depths:4 | Noticed a juggernaut
 51940 | Depths:4 | Killed a juggernaut
 51997 | Depths:4 | Killed a caustic shrike
 52092 | Depths:4 | Reached XP level 23. HP: 104/211 MP: 33/33
 52202 | Depths:4 | Noticed a juggernaut
 52214 | Depths:4 | Killed a juggernaut
 52277 | Depths:4 | Reached skill level 15 in Armour
 52497 | Depths:4 | Found a gate to the Realm of Zot.
 53148 | Vaults:5 | Entered Level 5 of the Vaults
 53186 | Vaults:4 | Reached skill level 19 in Fighting
 53345 | Vaults:5 | Noticed a dread lich
 53364 | Vaults:5 | Killed a dread lich
 53517 | Vaults:5 | Reached skill level 5 in Spellcasting
 53607 | Vaults:5 | Identified the +7 dagger of Virtue {spect, rPois rF- Str+4}
 53608 | Vaults:5 | Identified the staff of fire "Betwuf" {rElec rPois rF+
                  | Int-5 Dex+6}
 53920 | Vaults:5 | Noticed an ancient lich
 53931 | Vaults:5 | Killed an ancient lich
 53944 | Vaults:5 | Identified the +2 robe of Vaqiw {rN++ Will+}
 54256 | Vaults:5 | Reached skill level 20 in Fighting
 54340 | Vaults:5 | Got a silver rune of Zot
 54352 | Vaults:5 | Identified the staff of earth "Cefi" {Str+6 Stlth+}
 54461 | Vaults:5 | Identified the +0 whip of Topunite {spect, rElec rC+ Int+2}
 54477 | Vaults:5 | Reached XP level 24. HP: 224/224 MP: 34/35
 55365 | Depths:3 | Bought 3 scrolls of blinking for 472 gold pieces
 55415 | Hell     | Entered the Vestibule of Hell
 55415 | Hell     | Noticed Geryon
 56177 | Depths:3 | Reached skill level 15 in Shields
 56950 | Hell     | Killed Geryon
 57290 | Vaults:2 | Reached XP level 25. HP: 231/231 MP: 35/35
 57296 | Vaults:2 | You paid a toll of the horn of Geryon to enter a treasure
                  | trove
 57297 | Trove    | Entered a treasure trove
 57302 | Trove    | Found the +2 hood of the Assassin {Detect Stab+ Stlth++}
 57302 | Trove    | Found the +10 tower shield of Ignorance {rN+ Int-4}
 57302 | Trove    | Found the +3 hat of Pondering {ponderous, Will+ MP+10
                  | Int+5}
 57304 | Trove    | Identified the ring "Imeot" {rPois Slay+3 Stlth+}
 57313 | Trove    | Identified the +3 pair of boots "Golediju" {Harm Str-2
                  | SInv}
 57318 | Trove    | Identified the ring of Ohoeq {rPois MP-9 Int-2 Dex+6 SInv}
 57320 | Trove    | Identified the +2 cloak of the Hidden Olives {rElec rPois
                  | Will-}
 57735 | Zot:1    | Entered Level 1 of the Realm of Zot
 57761 | Zot:1    | Noticed Vv
 57775 | Zot:1    | Killed Vv
 57797 | Abyss:3  | Cast into level 3 of the Abyss (Killer Klown)
 57967 | Zot:1    | Escaped the Abyss
 61137 | Zot:3    | Noticed an orb of fire
 61139 | Zot:3    | Gained mutation: You are vulnerable to heat. (rF-) [an orb
                  | of fire]
 61141 | Zot:3    | Gained mutation: You occasionally lose the ability to drink
                  | potions when taking damage. [an orb of fire]
 61850 | Zot:3    | Gained mutation: You occasionally lose the ability to read
                  | scrolls when taking damage. [an orb of fire]
 61852 | Zot:3    | Killed an orb of fire
 61864 | Zot:3    | Reached XP level 26. HP: 86/240 MP: 35/35
 61911 | Zot:2    | Lost mutation: You occasionally lose the ability to drink
                  | potions when taking damage. [potion of mutation]
 61911 | Zot:2    | Lost mutation: You occasionally lose the ability to read
                  | scrolls when taking damage. [potion of mutation]
 61911 | Zot:2    | Lost mutation: You are vulnerable to heat. (rF-) [potion of
                  | mutation]
 61911 | Zot:2    | Gained mutation: You are resistant to electric shocks.
                  | (rElec) [potion of mutation]
 61911 | Zot:2    | Gained mutation: Your flesh is cold resistant. (rC+)
                  | [potion of mutation]
 61911 | Zot:2    | Gained mutation: You have a pair of small horns on your
                  | head. [potion of mutation]
 61911 | Zot:2    | Gained mutation: You are partially covered in iridescent
                  | scales. (AC +2) [potion of mutation]
 63152 | Zot:4    | Reached skill level 21 in Fighting
 63764 | Zot:5    | Entered Level 5 of the Realm of Zot
 64345 | Zot:5    | Noticed an orb of fire
 64346 | Zot:5    | Noticed an orb of fire
 64350 | Zot:5    | Noticed an ancient lich
 64354 | Zot:5    | Noticed an orb of fire
 64357 | Zot:5    | Noticed a dread lich
 64360 | Zot:5    | Reached skill level 22 in Fighting
 64362 | Zot:5    | Noticed an orb of fire
 64364 | Zot:5    | Noticed an orb of fire
 64365 | Zot:5    | Killed an orb of fire
 64367 | Zot:5    | Noticed an orb of fire
 64367 | Zot:5    | Gained mutation: You are frail. (-10% HP) [an orb of fire]
 64368 | Zot:5    | Killed an orb of fire
 64370 | Zot:5    | Killed an ancient lich
 64371 | Zot:5    | Noticed an ancient lich
 64374 | Zot:5    | Killed an orb of fire
 64377 | Zot:5    | Killed a dread lich
 64384 | Zot:5    | Gained mutation: You are partially covered in large bone
                  | plates. (SH +4) [an orb of fire]
 64386 | Zot:5    | Killed an orb of fire
 64392 | Zot:5    | Gained mutation: You are clumsy. (Dex -2) [an orb of fire]
 64393 | Zot:5    | Killed an orb of fire
 64395 | Zot:5    | Killed an orb of fire
 64398 | Zot:5    | Killed an ancient lich
 65035 | Zot:5    | Gained mutation: Your spells are a little easier to cast,
                  | but a little less powerful. [mutagenic glow]
 65036 | Zot:5    | Reached skill level 23 in Fighting
 65058 | Zot:5    | Got the Orb of Zot
 65536 | D:7      | Noticed Geleposk the pandemonium lord
 65574 | D:4      | Gained mutation: You do not regenerate when monsters are
                  | visible. [a neqoxec]
 65684 | D:$      | Escaped with the Orb!

Illustrated notes

Levels and vault maps discovered:
D:1:      lightli_arrival_noodles, layout_rooms, nicolae_the_louvre
D:2:      layout_rooms, nicolae_ecumenical_snake_handling, basic_altar,
          minmay_tetromino_t2
D:3:      layout_loops_ring, mainiacjoe_overflow_alcove_4,
          nemelex_spade_bored_becter, gup_sewer_entry_spiral
D:4:      layout_rooms, elyvilon_altar_1, minmay_temple_entry_antechambers,
          minmay_between, uniq_sigmund, uniq_natasha, uniq_pikel
D:5:      layout_gridville, uniq_eustachio
D:6:      layout_basic, nicolae_ossuary_entry_giza, lightli_minifort,
          uniq_menkaure, uniq_crazy_yiuf_cottage
D:7:      layout_loops_cross, gammafunk_ghost_split
D:8:      layout_cave_pools, serial_shops, nicolae_shop_gibbet_a_chance
D:9:      layout_stronghold, nicolae_kikubaaqudgha_miasma_corner
D:10:     layout_roguey, hellmonk_lair_entry_icy, uniq_urug
D:11:     layout_long_grid, gauntlet_entry_generic,
          portal_ice_cave_entry_pillars_2
D:12:     layout_stronghold, introduction_to_nature_2
D:13:     layout_loops_ring, david_vaults_2, nicolae_sif_muna_little_library,
          uniq_josephine
D:14:     minmay_the_grid_triangle_9x9_recursive_2
          [minmay_the_grid_triangle_9x9_prize_insulated,
          minmay_the_grid_triangle_9x9_pentomino_pain,
          minmay_the_grid_triangle_9x9_longest,
          minmay_the_grid_triangle_9x9_descending_squares], layout_long_grid,
          dreamdust_princess_corridor, uniq_snorg
D:15:     hangedman_depths_entry_try_elsewhere_first, layout_loops_corners,
          serial_shops, nicolae_shop_tiny_waterfront, minmay_misc_feat_plants
Lair:1:   layout_cave_pods, basic_altar, nicolae_quartered_pool_impasse,
          beast_lair_carwin_6, grunt_megastairs_2
Lair:2:   nzn_winding_woodlands_three_and_one [nzn_winding_woodlands_5x15_eye,
          nzn_winding_woodlands_5x15_split_checker,
          nzn_winding_woodlands_5x15_parted,
          nzn_winding_woodlands_center_pierced_h], layout_regular_city,
          swamp_mist, nicolae_spider_entry_lesser_pyramids,
          grunt_forest_large_clearings
Lair:3:   lemuel_ratsnest, layout_loops_ring, kilobyte_rumbling_trees,
          lemuel_fruit_fields
Lair:4:   layout_cave_pods, minivault_24, grunt_forest_large_clearing_hut,
          infiniplex_staircase_pool_2
Lair:5:   hellmonk_lair_end_abyssal_woods, layout_regular_city,
          minmay_slime_entry_pillars, serial_bayou_shore_a, lemuel_fruit_tree,
          infiniplex_staircase_pool, serial_bayou_shore_b
Swamp:1:  layout_basic_swamp, lemuel_altar_in_water, swamp_pool4
Swamp:2:  layout_falls_marsh, nicolae_swamp_tree_designs, uniq_frances,
          uniq_aizul
Swamp:3:  layout_falls_marsh, evilmike_swamp_ruin_house_1, swamp_pool1,
          nicolae_swamp_big_swirl
Swamp:4:  swamp, layout_basic_swamp, uniq_roxanne
Spider:1: lemuel_spider_zombies
Spider:2: layout_chambers, nicolae_spider_paper_wasps
Spider:3: layout_cave_pods, drop_trap
Spider:4: spider_rune_water, gammafunk_ghost_mausoleum
Orc:1:    layout_caves, serial_shops, shop
Orc:2:    st_orc_congregation, layout_caves, basic_altar, serial_shops, shop,
          uniq_erolcha, uniq_nessos, uniq_jorgrun
Elf:1:    eino_elf_arrival_sip, layout_gridlike, basic_altar, serial_shops,
          shop, minmay_elf_crystal_heptagon,
          nicolae_concentric_dashed_squares_mild, uniq_azrael
Elf:2:    nicolae_elf_blades_crystal_corner, layout_gridlike
Elf:3:    grunt_elf_hall_branching, layout_loops_corners, uniq_nikola,
          uniq_donald
Vaults:1: portal_desolation_entry_nicolae_forbidding_blocks,
          hangedman_vaults_unwind, nicolae_vaults_stairing_the_circle,
          nicolae_vaults_little_squares_6, nicolae_vaults_little_squares_6,
          nicolae_vaults_twisting_passages, grunt_vaults_twisty,
          nicolae_vaults_rhombus_5, st_spiral_rooms, nicolae_vaults_house_2,
          layout_vaults_omnibox, serial_shops, bzr_entry_customers
Vaults:2: hangedman_vaults_capsules, blue_anna_dwarven_crypt,
          hangedman_vaults_stitches, nicolae_vaults_mitosis,
          nicolae_vaults_closet_pinwheel_1, v_alt_pattern_5,
          nicolae_vaults_storing_the_good_stuff, v_misc_9, v_misc_25,
          hangedman_vaults_impose, nicolae_vaults_little_squares_3, v_misc_17,
          nicolae_vaults_house_2, layout_vaults_ring, serial_shops,
          nicolae_shop_behind_doors, nicolae_trove_entry_free_sample,
          uniq_frederick, uniq_xtahua
Vaults:3: nicolae_vaults_yaktaur_gun_rack, hangedman_vaults_maws,
          st_greater_box_4, nicolae_vaults_more_shelving_1,
          hangedman_vaults_trim, nicolae_vaults_trapezoid_4,
          nicolae_vaults_tetromino_T_1, vaults_room_corners,
          layout_vaults_omnigrid
Vaults:4: v_misc_16, v_misc_11, vaults_dpeg_doors,
          nicolae_vaults_network_square, ontoclasm_vaults_claustrophobia,
          nicolae_vaults_specimen_jars, nicolae_vaults_network_barrier,
          vaults_mumra_lcd, nicolae_vaults_tetromino_L_2,
          layout_vaults_maze_bifur, uniq_bai_suzhen, uniq_margery
Vaults:5
Depths:1: layout_gridlike, enter_ziggurat_f, abyss_entry_flame_altar,
          hellmouth_1, serial_shops,
          nicolae_shop_temple_entry_statues_fountains, minivault_16,
          kennysheep_just_a_vault
Depths:2: kennysheep_bubbly, layout_basic, pan_entry, grunt_decor_junction,
          serial_shops, shop, hell_entry, onia_ninara_cookie, minmay_shoptagon,
          uniq_asterion
Depths:3: kennysheep_bubble_arena, layout_gridlike, serial_shops, shop,
          abyss_entry, pf_dread_powers_of_hell, infiniplex_staircase_squiggle,
          minmay_shop_star
Depths:4: grunt_runaround [grunt_runaround_doors_1, grunt_runaround_doors_2,
          grunt_runaround_doors_3, grunt_runaround_doors_4,
          grunt_runaround_zot], hell_entry
Hell
Zot:1:    dreamdust_zin_vs_xom, layout_onion_interference, uniq_vv
Zot:2:    layout_cathedral_of_symmetry
Zot:3:    layout_misc_corridors, st_stairs_12, grunt_megastairs_4
Zot:4:    layout_cellular_growth, grunt_megastairs_3
Zot:5:    layout_onion

Skill      XL: |  1  2  3  4  5  6  7  8  9 10 11 12 13 14 15 16 17 18 19 20 21 22 23 24 25 26 |
---------------+-------------------------------------------------------------------------------+-----
Fighting       | 2 3 4 5 7 9 11 12 14 15 16 17 18 20 23 | 23.1
Dodging        | 3 4 5 7 8 10 11 12 13 16 18 20 22 | 22.2
Stealth        | 1 2 3 4 5 6 |  6.0
Armour         | 1 2 3 4 6 8 9 12 13 14 15 16 | 16.0
Short Blades   | 1 2 3 5 6 7 8 10 11 | 11.8
Throwing       | 2 3 4 7 8 |  8.0
Evocations     | 2 4 7 12 15 | 15.0
Ranged Weapons | 1 4 6 8 11 13 14 | 14.0
Translocations | 1 4 5 8 |  8.0
Long Blades    | 3 6 10 12 13 14 | 14.3
Transmutations | 1 4 5 8 |  8.0
Hexes          | 4 5 8 |  8.0
Spellcasting   | 3 4 5 |  5.0
Shields        | 4 12 14 17 18 | 18.0

Action                     |  1- 3 |  4- 6 |  7- 9 | 10-12 | 13-15 | 16-18 | 19-21 | 22-24 | 25-27 || total
---------------------------+-------+-------+-------+-------+-------+-------+-------+-------+-------++-------
  Melee: Long sword        |    11 |       |       |       |       |       |       |       |       ||    11
         Short sword       |    41 |   205 |   444 |  1070 |   348 |    73 |     1 |       |       ||  2182
         Punch             |       |     6 |     9 |    26 |     7 |     6 |       |       |       ||    54
         Great sword       |       |       |       |    60 |   831 |   844 |       |       |       ||  1735
         Mace              |       |       |       |     1 |       |       |       |       |       ||     1
         Scimitar          |       |       |       |       |       |    39 |       |       |       ||    39
         Double sword      |       |       |       |       |       |   317 |  1366 |   903 |   669 ||  3255
         Headbutt          |       |       |       |       |       |       |       |       |   124 ||   124
   Fire: Sling             |    38 |    63 |    33 |       |       |     7 |    46 |       |       ||   187
         Orcbow            |       |       |    94 |   236 |   458 |       |       |       |       ||   788
         Arbalest          |       |       |       |       |   116 |   496 |       |       |       ||   612
         Hand crossbow     |       |       |       |       |       |       |    40 |   160 |   131 ||   331
  Throw: Throwing net      |       |     4 |       |     2 |       |       |       |       |       ||     6
         Javelin           |       |     1 |       |       |       |     2 |     4 |       |     2 ||     9
         Dart              |       |       |     1 |     1 |     9 |   200 |     4 |     5 |       ||   220
         Boomerang         |       |       |       |       |       |       |    63 |    13 |    23 ||    99
   Cast: Blink             |       |       |       |     1 |       |     1 |       |       |       ||     2
         Wereblood         |       |       |       |       |       |       |       |     2 |    17 ||    19
         Portal Projectile |       |       |       |       |       |       |       |       |     1 ||     1
  Evoke: Wand              |       |       |    11 |     6 |     7 |    10 |     5 |     3 |     2 ||    44
         Condenser vane    |       |       |       |       |     1 |     2 |     3 |     2 |     1 ||     9
         Phantom mirror    |       |       |       |       |     1 |     2 |     1 |       |       ||     4
         Box of beasts     |       |       |       |       |     1 |     1 |       |     1 |       ||     3
         Lightning rod     |       |       |       |       |     1 |       |       |     4 |       ||     5
         Phial of floods   |       |       |       |       |       |       |     2 |       |     1 ||     3
    Use: Potion            |       |     1 |       |     3 |     5 |     7 |     3 |    12 |     7 ||    38
         Scroll            |       |       |    10 |    12 |    12 |    19 |     9 |     6 |     5 ||    73
   Stab: Held in net/web   |       |     2 |       |     2 |       |       |       |       |       ||     4
         Sleeping          |       |     3 |    13 |     1 |    10 |     2 |    12 |     3 |     2 ||    46
         Distracted        |       |       |     1 |     1 |     3 |     2 |    11 |       |     1 ||    19
         Confused          |       |       |       |       |     2 |       |       |       |     2 ||     4
 Armour: Leather armour    |    20 |    48 |    18 |   158 |   326 |    73 |       |       |       ||   643
         Ring mail         |       |    16 |    54 |       |     5 |       |       |       |       ||    75
         Scale mail        |       |       |       |       |     4 |       |       |       |       ||     4
         Swamp dragon scal |       |       |       |       |       |   433 |       |       |       ||   433
         Pearl dragon scal |       |       |       |       |       |    25 |   192 |   204 |   121 ||   542
  Dodge: Dodged            |    27 |   145 |   254 |  1016 |  1960 |  2480 |   752 |   947 |   578 ||  8159
  Block: Kite shield       |       |       |       |       |       |   116 |  1081 |  1185 |   863 ||  3245
         Reflection        |       |       |       |       |       |       |       |    23 |    20 ||    43

Table legend: (Time is in decaauts)
 A = Elapsed time spent in this place.
 B = Non-inter-level travel time spent in this place.
 C = Inter-level travel time spent in this place.
 D = Time resting spent in this place.
 E = Time spent auto-exploring this place.
 F = Levels seen in this place.
 G = Mean time per level.
                   A        B        C        D        E       F      G
               +--------+--------+--------+--------+--------+-----+--------+
         Total |  65884 |  57924 |   7960 |   1489 |  38406 |  55 | 1197.9 |
       Dungeon |  15761 |  12581 |   3180 |    128 |   8499 |  15 | 1050.7 |
          Lair |   8179 |   7452 |    727 |    253 |   4872 |   5 | 1635.8 |
         Swamp |   3847 |   3571 |    276 |    283 |   2134 |   4 |  961.8 |
   Spider Nest |   6873 |   6270 |    603 |    200 |   4171 |   4 | 1718.2 |
  Orcish Mines |   2172 |   1772 |    400 |     71 |    945 |   2 | 1086.0 |
   Elven Halls |   3290 |   2991 |    299 |     49 |   1975 |   3 | 1096.7 |
        Vaults |   8461 |   7495 |    966 |    111 |   4997 |   5 | 1692.2 |
        Depths |   7358 |   6276 |   1082 |    141 |   4494 |   4 | 1839.5 |
          Hell |    101 |    101 |      0 |      0 |      2 |   1 |  101.0 |
           Zot |   6790 |   6367 |    423 |     94 |   5092 |   5 | 1358.0 |
         Abyss |    221 |    221 |      0 |      0 |      0 |   1 |  221.0 |
        Bazaar |    149 |    149 |      0 |      0 |     69 |   1 |  149.0 |
         Trove |     59 |     59 |      0 |      0 |      7 |   1 |   59.0 |
         Sewer |    791 |    791 |      0 |      0 |    533 |   1 |  791.0 |
       Ossuary |    182 |    182 |      0 |      0 |     72 |   1 |  182.0 |
      Ice Cave |    295 |    295 |      0 |    100 |      0 |   1 |  295.0 |
    Desolation |   1347 |   1347 |      0 |     58 |    540 |   1 | 1347.0 |
               +--------+--------+--------+--------+--------+-----+--------+

Top non-repeatable levels by time:
Depths:3: 2800 daAuts
Spider:4: 2494 daAuts
  Lair:5: 2266 daAuts
  Lair:2: 2087 daAuts
Vaults:1: 1899 daAuts
Vaults:5: 1851 daAuts
Depths:4: 1846 daAuts
Spider:2: 1816 daAuts
    D:14: 1653 daAuts
Vaults:3: 1648 daAuts
    D:13: 1639 daAuts
  Lair:1: 1616 daAuts
   Elf:3: 1546 daAuts
Vaults:4: 1538 daAuts
   Zot:2: 1537 daAuts
